 Dungeon Crawl Stone Soup version 0.17-a0-1545-gc1bb672 (webtiles) character file.

159447 emikaela the Black Belt (level 16, 0/122 HPs)
             Began as a Demonspawn Monk on July 17, 2015.
             Was an Elder of Yredelemnul.
             Killed from afar by a shock serpent (14 damage)
             ... with a bolt of electricity
             ... on level 1 of the Snake Pit on July 18, 2015.
             The game lasted 03:43:28 (48289 turns).

emikaela the Black Belt (Demonspawn Monk)          Turns: 48289, Time: 03:43:29

Health: 0/122      AC: 24    Str: 17    XL:     16   Next: 89%
Magic:  27/27      EV: 20    Int: 12    God:    Yredelemnul [****..]
Gold:   2944       SH:  0    Dex: 20    Spells: 0 memorised, 15 levels left

rFire  + . .     SeeInvis +       - Unarmed
rCold  . . .     Clarity  .     c - +2 ring mail {MR+}
rNeg   + . .     SustAt   .     (no shield)
rPois  .         Gourm    .     C - +2 helmet {SInv}
rElec  .         Spirit   .     z - +2 cloak {+Inv}
rCorr  .         Warding  .     (no gloves)
rMut   .         Stasis   .     j - +0 pair of boots
MR     ++...                    a - amulet of faith
Stlth  ++........               x - ring of positive energy
                                F - +1 ring of evasion

@: mighty, lethally poisoned (0 -> -3), very resistant to hostile enchantments,
unstealthy
A: claws 2, rough black scales 2, fire resistance 1, powered by pain 2, flame
cloud immunity
a: Animate Dead, Recall Undead Slaves, Injury Mirror, Drain Life, Renounce
Religion, Evoke Invisibility
}: 1/15 runes: decaying


You were on level 1 of the Snake Pit.
You worshipped Yredelemnul.
Yredelemnul was greatly pleased with you.
You were not hungry.

You visited 6 branches of the dungeon, and saw 33 of its levels.
You also visited: Ice Cave.

You collected 3760 gold pieces.
You spent 816 gold pieces at shops.

Inventory:

Missiles
 l - 6 javelins (quivered)
Armour
 c - a +2 ring mail of magic resistance (worn)
 j - a +0 pair of boots (worn)
 z - a +2 cloak of invisibility (worn)
 C - a +2 helmet of see invisible (worn)
Rods
 b - a +6 iron rod (11/11)
   (You found it in an ice cave)
Jewellery
 a - an amulet of faith (around neck)
 s - an uncursed ring of sustain attributes
 u - an uncursed ring of teleportation
 x - a ring of positive energy (right claw)
 F - a +1 ring of evasion (left claw)
 O - an uncursed ring of protection from cold
Magical devices
 i - a wand of draining (4)
 q - a wand of fire (3)
 y - a wand of polymorph (8)
 H - a wand of frost (15)
 N - a wand of confusion (15)
 R - a wand of disintegration (16)
 U - a wand of confusion (25)
 V - a wand of confusion (9)
 Y - a wand of paralysis (14)
Scrolls
 d - 2 scrolls of fear
 g - 6 scrolls of magic mapping
 n - a scroll of fog
 o - 3 scrolls of blinking
 p - 2 scrolls of identify
 t - 10 scrolls of teleportation
 A - 9 scrolls of remove curse
 M - a scroll of summoning
 X - 2 scrolls of recharging
Potions
 f - a potion of flight
 k - a potion of berserk rage
 m - 3 potions of cancellation
 r - 6 potions of might
 v - 5 potions of resistance
 D - 15 potions of curing
 E - 3 potions of agility
 J - a potion of haste
 Q - 5 potions of heal wounds
Books
 e - a Young Poisoner's Handbook
Miscellaneous
 w - a disc of storms
 W - a fan of gales
Comestibles
 h - 2 fruits
 B - 16 bread rations
 G - 2 chunks of flesh


   Skills:
 + Level 10.2 Fighting
 * Level 9.9 Armour
 - Level 10.1 Dodging
 - Level 1.7 Stealth
 + Level 15.1 Unarmed Combat
 - Level 15.0 Invocations
 - Level 15.0 Evocations


You had 15 spell levels left.
You didn't know any spells.

Dungeon Overview and Level Annotations

Branches:
Dungeon (15/15)            Temple (1/1) D:5            Lair (8/8) D:11
  Swamp (4/4) Lair:6        Snake (1/4) Lair:5        Slime (0/6) Lair:8
    Orc (4/4) D:10            Elf (0/3) Orc:4        Vaults (0/5) D:14
 Depths (0/5) D:15

Altars:
Ashenzari
Cheibriados
Dithmenos
Elyvilon
Fedhas
Gozag
Kikubaaqudgha
Makhleb
Nemelex Xobeh
Okawaru
Qazlal
Ru
Sif Muna
Trog
Vehumet
Xom
Yredelemnul
Zin
The Shining One
Beogh

Shops:
D:6 }   D:13 !   Orc:1 *   Orc:2 (%   Orc:3 (   Orc:4 (:*[(


Innate Abilities, Weirdness & Mutations

You have very sharp fingernails.
You are mostly covered in rough black scales (AC +7, Dex -2).
Your flesh is heat resistant.
You sometimes gain power by taking damage.
You are immune to clouds of flame.


Message History

Your bone dragon claws the naga ritualist!
The naga ritualist dies!
Yredelemnul accepts your kill.
Use which ability? (? or * to list)
You call on the dead to rise...
You feel slightly more hungry.
You feel sick.
You swap places.
You feel sick.
You feel sick.
You feel sick.
You swap places.
You feel sick.
You swap places.
You feel sick.
You feel sick.
You feel sick.
Found 3 steel bolts.
You feel sick.
Found a scroll of identify.
A shock serpent comes into view.
The shock serpent shoots out a bolt of lightning at you!
The bolt of electricity hits you!
You die...
Your body rises from the dead as a mindless zombie.

##.......#...##.........
#.........#.##...###...
######........##...# #.##
...#........#....### #...
?...........###..#######.
.......##.#.####......##.
#......#.....(##......#..
#......#.................
#...#@..............##
#..ZZ#......##......
####(.ZD#...########.##
#......ZZZ..# #...#...
#..[.###...## #...#...
S..... ##..#####.......
....... #..........#.##
..#..(.## #.##....####.##
#####....##.............Z


You could see a shock serpent, a friendly bone dragon, 3 friendly black mamba
zombies, the friendly Aizul the guardian serpent zombie and a friendly naga
zombie.

Vanquished Creatures
  Saint Roka (Orc:4)
  Nikola (Swamp:2)
  Rupert (Lair:5)
  Frances (D:14)
  A fire giant (D:15)
  An orc warlord (Orc:4)
  Josephine (D:13)
  A fire dragon (Swamp:4)
  9 hydras
  Harold (D:11)
  An ice dragon (Lair:8)
  A centaur warrior (D:14)
  Erica (D:9)
  A tengu warrior (D:12)
  6 death yaks (Lair:8)
  An orc high priest (Orc:4)
  A fire crab (Swamp:4)
  4 skeletal warriors (D:14)
  5 unseen horrors
  3 ice statues (IceCv)
  5 swamp dragons
  9 hill giants
  3 mana vipers (Snake:1)
  A necromancer (D:12)
  A lindwurm (Lair:8)
  An orc sorcerer (Orc:4)
  3 manticores (D:12)
  5 black mambas
  7 ugly things
  2 orc knights
  3 griffons
  Maurice (Orc:4)
  3 torpor snails (Lair:8)
  An eye of devastation (Lair:8)
  2 centaur skeletons
  3 cyclopes
  11 komodo dragons
  13 spiny frogs
  2 redback zombies (D:14)
  4 fire drakes
  A yaktaur (D:14)
  5 giant leeches
  A polar bear (Lair:6)
  4 trolls
  2 slime creatures (Swamp:3)
  5 blink frogs
  3 bog bodies
  2 two-headed ogres
  A trapdoor spider (D:14)
  A spriggan (Lair:6)
  Sigmund (D:2)
  A shadow (Swamp:1)
  6 basilisks
  A vampire (D:12)
  A wraith (D:10)
  4 humans (D:14)
  The ghost of Alipheese the Poker, an average NaSk (D:3)
  31 yaks
  2 fire bats (Lair:2)
  A deep elf mage (D:15)
  A mottled dragon (Lair:8)
  5 hippogriffs
  10 vampire mosquitoes
  8 wolves
  6 swamp worms
  3 steam dragons
  A soldier ant (D:10)
  3 hungry ghosts
  3 wargs
  A naga (Lair:5)
  10 water moccasins
  10 ice beasts
  18 orc warriors
  An eye of draining (D:15)
  11 porcupines
  5 centaurs
  7 spiders (D:9)
  5 swamp drakes
  A boggart (D:12)
  5 wasps
  2 phantoms
  12 ogres
  18 giant frogs
  10 crocodiles
  2 brain worms (Lair:8)
  2 wyvern zombies
  A big kobold (D:11)
  7 scorpions
  A vampire bat (D:13)
  8 crimson imps
  A lava snake (Lair:2)
  2 electric eels
  23 orc priests
  7 centaur zombies
  A quasit (D:10)
  3 giant frog skeletons
  2 giant frog zombies (D:12)
  A jelly (D:12)
  11 iguanas
  5 hounds
  21 orc wizards
  11 worker ants
  31 sheep
  2 hell rats (Lair:5)
  A hound skeleton (D:4)
  2 mummies (D:14)
  4 worker ant zombies
  8 adders
  46 river rats
  2 shadow imps
  An adder skeleton (D:8)
  An adder zombie (D:8)
  8 worms
  4 giant geckos
  113 orcs
  13 bats
  3 bat skeletons
  6 giant cockroaches
  18 goblins
  18 hobgoblins
  16 kobolds
  3 quokkas
  A ball python (D:7)
  2 giant gecko skeletons (D:5)
  6 giant newts
  11 jackals
  A quokka zombie (D:5)
  22 rats
804 creatures vanquished.

Vanquished Creatures (collateral kills)
  Snorg (D:14)
  A thorn hunter (Swamp:4)
  Donald (D:14)
  Aizul (Snake:1)
  4 fire dragons
  A catoblepas (D:14)
  13 hydras
  4 death yaks (Lair:8)
  2 centaur warriors
  4 alligators
  2 tengu warriors
  An orc high priest (Orc:4)
  Urug (Orc:3)
  A shock serpent (Snake:1)
  A naga sharpshooter (Snake:1)
  Sonja (D:14)
  Nergalle (Orc:4)
  An octopode (shapeshifter) (D:14)
  2 fire crabs
  A skeletal warrior (D:14)
  4 swamp dragons
  2 spriggan druids
  4 orc knights
  2 shambling mangroves
  A naga ritualist (Snake:1)
  A lindwurm (Lair:8)
  A wolf spider zombie (D:14)
  A hornet (Swamp:2)
  An orc sorcerer (Orc:4)
  4 ugly things
  An oklob plant (Lair:3)
  2 mana vipers (Snake:1)
  A griffon (Lair:5)
  2 cyclopes
  A hill giant (D:14)
  6 slime creatures
  4 black mambas
  2 centaur zombies (D:14)
  A naga mage (Snake:1)
  13 spiny frogs
  3 torpor snails (Lair:8)
  A gargoyle (D:12)
  A yaktaur (D:14)
  6 fire drakes
  A komodo dragon (Lair:6)
  A tengu conjurer (Swamp:3)
  7 giant leeches
  3 blink frogs
  A trapdoor spider zombie (D:13)
  A boulder beetle (Lair:5)
  2 two-headed ogres
  3 bog bodies
  4 spriggans
  3 wraiths
  A wyvern (Lair:5)
  A redback (D:12)
  A deep elf fighter (D:13)
  2 vampires
  3 steam dragons (Lair:8)
  10 humans (D:14)
  22 yaks
  4 hippogriffs
  A shadow (D:12)
  5 vampire mosquitoes
  4 wolves
  A centaur (D:9)
  4 mottled dragons
  17 swamp worms
  2 hungry ghosts
  4 nagas
  9 insubstantial wisps
  A warg (Orc:4)
  6 porcupines
  2 black bears
  7 wasps
  20 orc warriors
  8 water moccasins
  A phantom (D:8)
  7 swamp drakes
  An eye of draining (Lair:8)
  3 ice beasts
  5 ogres
  2 big kobolds
  A brain worm (Lair:8)
  8 crocodiles
  3 giant frogs
  A water moccasin zombie (D:9)
  2 vampire bats (D:13)
  An electric eel (Lair:2)
  4 wights (D:14)
  11 orc priests
  A hound (D:11)
  A lava snake (Swamp:4)
  A jelly (D:12)
  13 orc wizards
  A giant frog zombie (D:9)
  4 hell rats (Lair:5)
  5 iguanas
  A worker ant (D:8)
  6 sheep
  A mummy (D:14)
  A worker ant zombie (D:10)
  21 river rats
  An adder (D:12)
  2 shadow imps
  11 worms (Lair:8)
  70 orcs
  6 bats
  A hobgoblin (Orc:4)
  3 kobolds (D:13)
  5 goblins
  An orc zombie (D:10)
  A briar patch (Swamp:4)
  4 bushes
  64 fungi
  37 plants
582 creatures vanquished.

Vanquished Creatures (others)
  A profane servitor (D:14)
  2 bone dragons
  A ghoul (D:14)
  2 death cobs
  2 skeletal warriors (Orc:4)
  A flayed ghost (D:14)
  2 swamp dragons (Swamp:4)
  A lindwurm (Swamp:4)
  6 phantasmal warriors
  4 swamp worm zombies
  3 hydra zombies
  A ghoul skeleton (D:14)
  An alligator zombie (Swamp:4)
  A giant leech (Swamp:2)
  A fire dragon zombie (Swamp:4)
  2 black mamba zombies
  A human (D:14)
  A spriggan (Swamp:4)
  2 wraiths
  5 vampires
  14 flying skulls
  2 spriggan skeletons (Swamp:4)
  2 spiny frog zombies
  4 swamp drakes
  3 swamp dragon zombies
  2 blink frog zombies (Lair:5)
  4 vampire mosquito zombies (Swamp:1)
  A spectral human (D:14)
  2 fire drake zombies
  2 fire drake skeletons (Swamp:4)
  A yaktaur zombie (D:14)
  A fire crab zombie (Swamp:4)
  A komodo dragon zombie (Swamp:4)
  A spider zombie (D:9)
  A water moccasin zombie (Lair:8)
  3 yak zombies
  2 hippogriff zombies
  2 wights
  A yak skeleton (Lair:8)
  3 wolf zombies (Lair:5)
  A jelly (D:14)
  3 giant frog zombies
  A soldier ant zombie (D:10)
  9 human zombies (D:14)
  3 wasp zombies
  2 centaur zombies (D:15)
  A bog body skeleton (Swamp:4)
  2 porcupine zombies
  An ogre zombie (D:10)
  A big kobold zombie (D:11)
  A crocodile skeleton (Lair:7)
  A mummy (Lair:1)
  A hound zombie (D:10)
  2 hell rat zombies (Lair:5)
  4 swamp drake zombies (Swamp:4)
  3 worker ant zombies
  A scorpion zombie (D:9)
  36 orc zombies
  3 worm zombies (Lair:8)
  An electric eel zombie (Lair:1)
  An iguana zombie (Lair:1)
  3 sheep zombies
  An adder zombie (D:9)
  5 bat zombies
  A giant gecko zombie (D:7)
  2 jackal skeletons
  2 jackal zombies (D:11)
  2 kobold zombies (D:11)
  An orc skeleton (D:7)
  14 river rat zombies
  28 fungi
  57 plants
286 creatures vanquished.

Grand Total: 1672 creatures vanquished

Notes
Turn   | Place    | Note
--------------------------------------------------------------
     0 | D:1      | emikaela the Demonspawn Monk began the quest for the Orb.
     0 | D:1      | Reached XP level 1. HP: 18/18 MP: 1/1
   431 | D:1      | Reached skill level 4 in Unarmed Combat
   534 | D:1      | Gained mutation: You have sharp fingernails. [demonic ancestry]
   534 | D:1      | Reached XP level 2. HP: 22/24 MP: 2/2
  1185 | D:2      | Found a shattered altar of Ashenzari.
  1253 | D:2      | Noticed Sigmund
  1272 | D:3      | Gained mutation: Your flesh is heat resistant. [demonic ancestry]
  1272 | D:3      | Reached XP level 3. HP: 20/29 MP: 3/3
  1427 | D:3      | Noticed Alipheese's ghost (average NaSk)
  1481 | D:3      | Killed Alipheese's ghost
  1481 | D:3      | Reached skill level 6 in Unarmed Combat
  1481 | D:3      | Reached XP level 4. HP: 8/35 MP: 4/4
  1481 | D:3      | Gained mutation: You are immune to clouds of flame. [demonic ancestry]
  1481 | D:3      | Reached XP level 5. HP: 9/41 MP: 5/5
  3044 | D:4      | HP: 2/41 [iguana (2)]
  3426 | D:4      | Gained mutation: You sometimes gain a little power by taking damage. [demonic ancestry]
  3426 | D:4      | Reached XP level 6. HP: 43/47 MP: 6/6
  4043 | D:4      | Noticed an ogre
  4075 | D:5      | Entered Level 5 of the Dungeon
  4348 | D:4      | Killed an ogre
  4647 | D:2      | Killed Sigmund
  4647 | D:2      | Reached skill level 7 in Unarmed Combat
  4647 | D:2      | Reached XP level 7. HP: 54/54 MP: 7/7
  5549 | D:5      | Reached skill level 5 in Fighting
  5549 | D:5      | Reached XP level 8. HP: 55/62 MP: 8/8
  5845 | D:5      | Noticed a water moccasin
  5853 | D:5      | Killed a water moccasin
  5853 | D:5      | Reached skill level 8 in Unarmed Combat
  6082 | D:5      | Gained mutation: You are somewhat resistant to further mutation. [potion of beneficial mutation]
  6338 | D:5      | Reached skill level 5 in Dodging
  6713 | D:5      | Found a staircase to the Ecumenical Temple.
  6722 | Temple   | Entered the Ecumenical Temple
  6805 | Temple   | Became a worshipper of Yredelemnul the Dark
  6805 | Temple   | Acquired Yredelemnul's first power
  6805 | Temple   | Acquired Yredelemnul's second power
  7117 | D:6      | Reached skill level 1 in Invocations
  7471 | D:6      | Reached skill level 9 in Unarmed Combat
  7557 | D:6      | Found Ypnigos's Gadget Boutique.
  7687 | D:6      | Reached XP level 9. HP: 67/69 MP: 10/10
  8161 | D:6      | Gained mutation: Your flesh is very heat resistant. [potion of beneficial mutation]
  8291 | D:6      | Found a glowing golden altar of the Shining One.
  8694 | D:7      | Found a glowing golden altar of the Shining One.
  8695 | D:7      | Found a blossoming altar of Fedhas.
  8695 | D:7      | Found a snail-covered altar of Cheibriados.
  8695 | D:7      | Found a shadowy altar of Dithmenos.
  8695 | D:7      | Found a shimmering altar of Xom.
  8696 | D:7      | Found an iron altar of Okawaru.
  8698 | D:7      | Found a radiant altar of Vehumet.
  8699 | D:7      | Found a deep blue altar of Sif Muna.
  8701 | D:7      | Found a white marble altar of Elyvilon.
  9142 | D:7      | Got a transparent war axe
  9256 | D:7      | Acquired Yredelemnul's third power
  9314 | D:7      | Found a burning altar of Makhleb.
  9460 | D:7      | Found a stormy altar of Qazlal.
  9461 | D:7      | Found a sacrificial altar of Ru.
  9804 | D:8      | Found an ancient bone altar of Kikubaaqudgha.
 10945 | D:9      | Found a glowing golden altar of the Shining One.
 10984 | D:9      | Reached skill level 10 in Unarmed Combat
 11057 | D:9      | Reached skill level 5 in Invocations
 11166 | D:9      | Noticed Erica
 11188 | D:9      | Killed Erica
 11188 | D:9      | Gained mutation: You are partially covered in rough black scales (AC +4, Dex -1). [demonic ancestry]
 11188 | D:9      | Reached XP level 10. HP: 76/79 MP: 12/14
 12024 | D:9      | Reached skill level 11 in Unarmed Combat
 12217 | D:10     | Entered Level 10 of the Dungeon
 12642 | D:10     | Reached skill level 1 in Evocations
 12767 | D:10     | Found a shattered altar of Ashenzari.
 13812 | D:10     | Noticed a hill giant
 13820 | D:10     | Killed a hill giant
 13839 | D:10     | Gained mutation: You are mostly covered in rough black scales (AC +7, Dex -2). [demonic ancestry]
 13839 | D:10     | Reached XP level 11. HP: 87/87 MP: 15/15
 13935 | D:10     | Found a staircase to the Orcish Mines.
 14070 | D:11     | Got a translucent leather armour
 14090 | D:11     | Identified the +1 leather armour "Uhasourr" {Str-2 Dex-5 SInv Stlth+} (You found it on level 11 of the Dungeon)
 14350 | D:11     | Reached skill level 12 in Unarmed Combat
 14351 | D:11     | Received a gift from Yredelemnul
 14439 | D:11     | Noticed Harold
 14498 | D:11     | Killed Harold
 14854 | D:11     | Noticed a hill giant
 14863 | D:11     | Killed a hill giant
 14979 | D:11     | Found a staircase to the Lair.
 15149 | Lair:1   | Entered Level 1 of the Lair of Beasts
 15469 | Lair:1   | Noticed a seven-headed hydra
 15475 | Lair:1   | Killed a seven-headed hydra
 16136 | Lair:1   | Acquired Yredelemnul's fourth power
 16208 | Lair:1   | Received a gift from Yredelemnul
 16220 | Lair:1   | Reached skill level 5 in Evocations
 16791 | Lair:1   | Reached skill level 13 in Unarmed Combat
 17291 | Lair:2   | Reached XP level 12. HP: 97/97 MP: 15/19
 17603 | Lair:2   | Received a gift from Yredelemnul
 17981 | Lair:2   | Reached skill level 10 in Fighting
 18028 | Lair:2   | Reached skill level 10 in Evocations
 18037 | Lair:2   | Acquired Yredelemnul's fifth power
 18037 | Lair:2   | Gained mutation: You have very sharp fingernails. [demonic ancestry]
 18037 | Lair:2   | Reached XP level 13. HP: 60/103 MP: 20/20
 18354 | Lair:2   | Received a gift from Yredelemnul
 18514 | Lair:3   | Got a twisted buckler
 18520 | Lair:3   | Identified the +0 buckler of Domn {*Corrode +Inv rF++ Slay+2} (You found it on level 3 of the Lair of Beasts)
 18540 | Lair:3   | Found a white marble altar of Elyvilon.
 19217 | Lair:4   | Received a gift from Yredelemnul
 20140 | Lair:4   | Received a gift from Yredelemnul
 20540 | Lair:5   | Noticed Rupert
 20564 | Lair:5   | Killed Rupert
 21003 | Lair:5   | Received a gift from Yredelemnul
 21103 | Lair:5   | Found a staircase to the Snake Pit.
 21927 | Lair:5   | Reached skill level 14 in Unarmed Combat
 22563 | Lair:6   | Received a gift from Yredelemnul
 22841 | Lair:6   | Received a gift from Yredelemnul
 23346 | Lair:6   | Found a staircase to the Swamp.
 23836 | Lair:7   | Received a gift from Yredelemnul
 23949 | Lair:7   | Reached skill level 10 in Invocations
 24950 | Lair:7   | Reached XP level 14. HP: 82/110 MP: 20/22
 25312 | Lair:8   | Entered Level 8 of the Lair of Beasts
 25447 | Lair:8   | Found a staircase to the Slime Pits.
 25709 | Lair:8   | Found a runed door.
 26988 | Lair:8   | Reached skill level 15 in Unarmed Combat
 27987 | Lair:1   | Upgraded the game from 0.17-a0-1534-gf98da79 to 0.17-a0-1545-gc1bb672
 28111 | Orc:1    | Entered Level 1 of the Orcish Mines
 28271 | Orc:2    | Received a gift from Yredelemnul
 28323 | Orc:2    | Found Kotet's Food Shop.
 28352 | Orc:2    | Received a gift from Yredelemnul
 28428 | Orc:2    | Found a roughly hewn altar of Beogh.
 28991 | Orc:1    | Received a gift from Yredelemnul
 29418 | Orc:1    | Received a gift from Yredelemnul
 29481 | Orc:1    | Found Xofuxkij's General Store.
 29491 | Orc:1    | Bought a scroll of identify for 28 gold pieces
 29491 | Orc:1    | Bought a scroll of identify for 28 gold pieces
 29616 | Orc:3    | Received a gift from Yredelemnul
 29643 | Orc:3    | Found Bos Gih's Antique Weapon Boutique.
 29912 | Orc:3    | Noticed Urug
 29924 | Orc:3    | Killed Urug
 30140 | Orc:3    | Received a gift from Yredelemnul
 30600 | Orc:3    | Received a gift from Yredelemnul
 30622 | Orc:4    | Entered Level 4 of the Orcish Mines
 30652 | Orc:4    | Found a staircase to the Elven Halls.
 30652 | Orc:4    | Noticed Saint Roka
 30655 | Orc:4    | Received a gift from Yredelemnul
 30667 | Orc:4    | Killed Saint Roka
 30744 | Orc:4    | Received a gift from Yredelemnul
 30758 | Orc:4    | Noticed an orc warlord
 30776 | Orc:4    | Noticed Nergalle
 30776 | Orc:4    | Killed an orc warlord
 30789 | Orc:4    | Killed Nergalle
 30795 | Orc:4    | Found a roughly hewn altar of Beogh.
 30809 | Orc:4    | Found Ethedem's Antique Weapon Shop.
 30821 | Orc:4    | Reached XP level 15. HP: 42/115 MP: 5/24
 30846 | Orc:4    | Found a frozen archway.
 30906 | Orc:4    | Received a gift from Yredelemnul
 30918 | IceCv    | Entered an ice cave
 31719 | Orc:4    | Noticed Maurice
 31731 | Orc:4    | Killed Maurice
 31784 | Orc:4    | Found Gaitieph's Book Shop.
 31806 | Orc:4    | Found Xeaguar's General Store.
 31855 | Orc:4    | Found Rebeut's Antique Armour Shop.
 31864 | Orc:4    | Bought a glowing chain mail for 90 gold pieces
 31864 | Orc:4    | Bought a shiny chain mail for 90 gold pieces
 31864 | Orc:4    | Bought a runed cloak for 90 gold pieces
 33453 | D:12     | Received a gift from Yredelemnul
 34204 | D:12     | Paralysed by a wasp for 2 turns
 34247 | D:13     | Noticed Josephine
 34256 | D:13     | Killed Josephine
 34347 | D:13     | Received a gift from Yredelemnul
 34506 | D:13     | Found Usacad's Distillery.
 34514 | D:13     | Bought a potion of curing for 42 gold pieces
 34514 | D:13     | Bought a potion of resistance for 140 gold pieces
 34514 | D:13     | Bought a potion of agility for 56 gold pieces
 34514 | D:13     | Bought a potion of heal wounds for 70 gold pieces
 34514 | D:13     | Bought a potion of resistance for 140 gold pieces
 34514 | D:13     | Bought a potion of curing for 42 gold pieces
 35232 | D:13     | Received a gift from Yredelemnul
 35305 | D:14     | Found a gate to the Vaults.
 35305 | D:14     | Noticed Donald
 35307 | D:14     | Noticed Snorg
 35326 | D:14     | Received a gift from Yredelemnul
 35343 | D:14     | Killed Donald
 35344 | D:14     | Killed Snorg
 35353 | D:14     | Received a gift from Yredelemnul
 35685 | D:14     | Noticed Sonja
 35698 | D:14     | Killed Sonja
 36841 | D:14     | Got a shimmering robe
 36852 | D:14     | Identified the +1 robe of Marbles {Stlth+} (You found it on level 14 of the Dungeon)
 37012 | D:14     | Reached skill level 10 in Dodging
 37047 | D:14     | Gained mutation: You are frail (-10% HP). [mutagenic meat]
 37048 | D:14     | Lost mutation: Your flesh is very heat resistant. [potion of cure mutation]
 37048 | D:14     | Lost mutation: You are frail (-10% HP). [potion of cure mutation]
 37048 | D:14     | Lost mutation: You are somewhat resistant to further mutation. [potion of cure mutation]
 37195 | D:14     | Noticed Frances
 37207 | D:14     | Killed Frances
 38216 | D:15     | Entered Level 15 of the Dungeon
 38634 | D:15     | Reached skill level 1 in Armour
 39033 | D:15     | Gained mutation: You sometimes gain power by taking damage. [demonic ancestry]
 39033 | D:15     | Reached XP level 16. HP: 77/122 MP: 25/27
 39214 | D:15     | Received a gift from Yredelemnul
 39275 | D:15     | Found a staircase to the Depths.
 39328 | D:15     | Reached skill level 15 in Evocations
 40086 | Swamp:1  | Entered Level 1 of the Swamp
 40115 | Swamp:1  | Reached skill level 15 in Invocations
 41356 | Swamp:1  | Received a gift from Yredelemnul
 41935 | Swamp:1  | Reached skill level 5 in Armour
 42327 | Swamp:2  | Noticed Nikola
 42346 | Swamp:2  | Killed Nikola
 43580 | Swamp:3  | Received a gift from Yredelemnul
 45231 | Swamp:4  | Entered Level 4 of the Swamp
 45789 | Swamp:4  | Received a gift from Yredelemnul
 46235 | Swamp:4  | Received a gift from Yredelemnul
 46827 | Swamp:4  | Got a decaying rune of Zot
 47510 | Snake:1  | Entered Level 1 of the Snake Pit
 47694 | Snake:1  | Noticed Aizul
 47713 | Snake:1  | Killed Aizul
 48232 | Snake:1  | Received a gift from Yredelemnul
 48289 | Snake:1  | Killed from afar by a shock serpent

Vault maps used:
D:1:      dpeg_arrival_water_temple_mockup, minmay_misc_feat_hallway
D:2:      lemuel_round_altar, uniq_sigmund
D:3:      serial_co_window_serial, co_window_corner_a, co_window_corner_a,
          co_window_paths_b, co_window_paths_a, co_window_paths_b,
          co_window_cross_3, co_window_unsneaky_path_d, co_window_corner_ca,
          co_window_sun, co_window_4corner_a, glass_columns_a, glass_columns_c
D:4:      kennysheep_six_static_rooms, first_bread
D:5:      minmay_temple_entry_fiery, nicolae_ossuary_entry_ruins,
          kennysheep_pointless_box
D:6:      serial_shops, shop, basic_altar
D:7:      kennysheep_little_box, minitemple, gammafunk_temple_overflow_pools,
          grunt_ogre_cave
D:8:      basic_altar, serial_corexii_hall, corexii_hall_statues_t,
          corexii_hall_statues_t, corexii_hall_statues_x, corexii_hall_statues_u
D:9:      spider_trap, tso_metal_star, uniq_erica
D:10:     david_orc_4, basic_altar, kennysheep_generic_room_15, uniq_josephine
D:11:     lair_0_dummy, uniq_harold
D:12:     hangedman_cross_veins
D:13:     serial_shops, shop, roderic_batcave
D:14:     hangedman_cross_stitches, david_vaults_3, grunt_decor_one_mirror,
          serial_undead, serial_undead_f, serial_undead_b, serial_undead_b,
          serial_undead_a, serial_undead_f, uniq_snorg, uniq_frances, uniq_sonja
D:15:     grunt_enter_depths_giant_problem
Temple:   nicolae_temple_hex_pool
Lair:1:   infiniplex_staircase_pool
Lair:2:   nicolae_quartered_pool_super
Lair:3:   lemuel_oklob_altar, serial_bayou_shore_a
Lair:5:   minmay_snake_entry_guardpost_small, bh_autumn_forest_stairs,
          lemuel_fruit_tree, uniq_rupert
Lair:6:   minmay_swamp_entry_worms, grunt_forest_stairs_clearing
Lair:8:   guppyfry_lair_end_dragon, wormcave, minmay_slime_entry_eyes,
          bobbens_dragon_lair_wall
Swamp:1:  nicolae_swamp_round_clearing, swamp_pool1
Swamp:2:  evilmike_swamp_ruin_house_3, swamp_pool5, uniq_nikola
Swamp:3:  evilmike_swamp_ruin_house_2, kb_tengu_band
Swamp:4:  swamp_fiery
Snake:1:  uniq_donald, uniq_aizul
Orc:1:    serial_shops, shop
Orc:2:    serial_shops, nicolae_shop_competitors_out_of_business, mines2_david
Orc:3:    serial_shops, shop, nicolae_orc_pool_cavern, uniq_urug
Orc:4:    grunt_orc_cross, portal_ice_cave_entry_pillars_01, uniq_saint_roka,
          uniq_maurice
IceCv:    ice_cave_statue_garden_02

Action                   |  1- 3 |  4- 6 |  7- 9 | 10-12 | 13-15 | 16-18 || total
-------------------------+-------+-------+-------+-------+-------+-------++-------
Melee: Unarmed           |   100 |   195 |   398 |   568 |  1605 |   445 ||  3311
Throw: Stone             |     1 |     2 |     9 |       |       |       ||    12
       Tomahawk          |       |    11 |    21 |     1 |       |       ||    33
Invok: Animate Remains   |       |       |    13 |     1 |       |       ||    14
       Animate Dead      |       |       |     4 |    31 |   109 |    42 ||   186
       Injury Mirror     |       |       |     2 |     6 |    13 |     1 ||    22
       Recall Undead Sla |       |       |       |       |    16 |     2 ||    18
       Drain Life        |       |       |       |       |    29 |    11 ||    40
       Enslave Soul      |       |       |       |       |     1 |       ||     1
 Abil: Evoke Invisibilit |       |       |       |       |     1 |       ||     1
Evoke: Wand              |       |     5 |       |     4 |     6 |     8 ||    23
       Fan of gales      |       |       |       |       |     1 |     1 ||     2
       Rod               |       |       |       |       |     1 |       ||     1
  Use: Scroll            |     7 |     3 |     6 |     7 |    20 |     2 ||    45
       Potion            |     2 |       |     2 |     2 |     5 |     5 ||    16
 Stab: Sleeping          |     5 |     4 |    14 |     7 |    12 |     1 ||    43
       Paralysed         |       |     4 |       |       |       |       ||     4
       Distracted        |       |       |     3 |     3 |    22 |     8 ||    36
       Confused          |       |       |       |       |     2 |       ||     2
       Invisible         |       |       |       |       |     2 |       ||     2
  Eat: Chunk             |     2 |    10 |    19 |    17 |    67 |    18 ||   133
       Pizza             |       |       |     1 |     1 |       |     1 ||     3
       Meat ration       |       |       |       |     1 |     3 |     1 ||     5
       Bread ration      |       |       |       |     1 |     1 |     1 ||     3
       Beef jerky        |       |       |       |       |     2 |     1 ||     3
       Fruit             |       |       |       |       |       |     4 ||     4
